 Seeded DCSS version 0.29-a0-23-ga79f92ac9c (webtiles) character file.

Game seed: 15814994978132999474 (custom seed)

9930 wilfster70 the Cruncher (level 11, -3/89 HPs)
             Began as a Formicid Fighter on Jan 28, 2022.
             Was an Elder of Okawaru.
             Slain by a two-headed ogre (16 damage)
             ... on level 9 of the Dungeon on Jan 31, 2022.
             The game lasted 00:21:04 (9984 turns).

wilfster70 the Cruncher (Formicid Fighter)          Turns: 9984, Time: 00:21:04

Health: -3/89      AC: 17    Str: 26    XL:     11   Next: 83%
Magic:  14/16      EV: 12    Int: 11    God:    Okawaru [****..]
Gold:   1093       SH: 12    Dex: 10    Spells: 10/10 levels left

rFire   + . .      SeeInvis +   a - +4 quarterstaff (vorpal)
rCold   . . .      Faith    .   i - +0 kite shield "Naneric" {Slay+3}
rNeg    + + .      Spirit   .   f - +7 leather armour of Distant Shores {rN+}
rPois   +          Reflect  .   (helmet unavailable)
rElec   .          Harm     .   p - +2 cloak {rPois}
rCorr   +          Rampage  .   (no gloves)
Will    +....                   l - +1 pair of boots
Stlth   ++........              (no amulet)
HPRegen 0.24/turn               j - ring of positive energy
MPRegen 0.15/turn               n - ring of the Camelopard {rF+ rCorr Str+4}

@: heroic
A: permanent stasis, dig shafts and tunnels, antennae 3, four strong arms
a: Dig, Shaft Self, Renounce Religion, Heroism, Finesse


You were on level 9 of the Dungeon.
You worshipped Okawaru.
Okawaru was greatly pleased with you.
You visited 2 branches of the dungeon, and saw 11 of its levels.
You also visited: Bailey.

You collected 1369 gold pieces.
You spent 276 gold pieces at shops.

Inventory:

Hand Weapons
 a - a +4 vorpal quarterstaff (weapon)
Missiles
 B - 5 curare-tipped darts
 C - 14 poisoned darts
 D - 8 datura-tipped darts
Armour
 f - the +7 leather armour of Distant Shores (worn) {rN+}
   (You found it on level 3 of the Dungeon)

   rN:        It protects you from negative energy.
 i - the +0 kite shield "Naneric" (worn) {Slay+3}
   (You found it on level 2 of the Dungeon)

   Slay:      It affects your accuracy & damage with ranged weapons and melee
   (+3).
 l - a +1 pair of boots (worn)
 o - a +0 plate armour
 p - a +2 cloak of poison resistance (worn)
Jewellery
 j - a ring of positive energy (left hand)
 n - the ring of the Camelopard (right hand) {rF+ rCorr Str+4}
   (You found it on level 6 of the Dungeon)

   [ring of protection from fire]

   Str:       It affects your strength (+4).
   rF:        It protects you from fire.
   rCorr:     It protects you from acid and corrosion.
 v - a ring of wizardry
 A - a ring of ice
Wands
 w - a wand of acid (8)
 y - a wand of polymorph (8)
 E - a wand of paralysis (1)
Scrolls
 h - 2 scrolls of amnesia
 q - a scroll of fog
 u - 2 scrolls of fear
 x - a scroll of summoning {unknown}
Potions
 b - a potion of cancellation
 c - 8 potions of curing
 d - 4 potions of might
 e - a potion of brilliance
 g - 3 potions of magic
 k - 4 potions of heal wounds
 m - 3 potions of mutation
 s - a potion of ambrosia
 t - a potion of flight


   Skills:
 + Level 9.2(14.2) Fighting
 - Level 14.0(19.0) Staves
 - Level 6.7(11.7) Armour
 - Level 10.1(15.1) Shields
 - Level 7.7 Invocations


You had 10 spell levels left.
You didn't know any spells.
Your spell library contained the following spells:

 Spells                   Type           Power      Damage    Failure   Level
 Sandblast                Erth           0%         2d4       52%         1
 Ensorcelled Hibernation  Hex/Ice        0%         N/A       65%         2
 Passwall                 Tmut/Erth      0%         N/A       65%         2
 Static Discharge         Conj/Air       0%         N/A       65%         2
 Gell's Gravitas          Tloc           0%         N/A       87%         3
 Lesser Beckoning         Tloc           0%         N/A       87%         3
 Spider Form              Tmut/Pois      0%         N/A       87%         3
 Stone Arrow              Conj/Erth      0%         3d7       87%         3
 Teleport Other           Tloc           0%         N/A       87%         3
 Airstrike                Air            0%         N/A       99%         4
 Anguish                  Hex/Necr       0%         N/A       99%         4
 Dispel Undead            Necr           0%         3d6       99%         4
 Olgreb's Toxic Radiance  Pois           0%         N/A       99%         4
 Sticky Flame             Conj/Fire      0%         2d3       99%         4
 Lightning Bolt           Conj/Air       0%         1d11      100%        5
 Ozocubu's Refrigeration  Ice            0%         4d5       100%        7
 Borgnjor's Revivificati  Necr           0%         N/A       100%        8
 Ignition                 Fire           0%         3d3       100%        8
 Necromutation            Tmut/Necr      0%         N/A       100%        8
 Death's Door             Necr           0%         N/A       100%        9
 Blink                    Tloc           Unusable   N/A       N/A         2
 Swiftness                Air            Unusable   N/A       N/A         3
 Summon Lightning Spire   Summ/Air       Unusable   N/A       N/A         4

Dungeon Overview and Level Annotations

Branches:
Dungeon (10/15)            Temple (1/1) D:7             Orc (0/2) D:9
 Bailey (visited)
   Lair: D:8-11

Altars:
Ashenzari
Cheibriados
Dithmenos
Elyvilon
Fedhas
Gozag
Hepliaklqana
Kikubaaqudgha
Makhleb
Nemelex Xobeh
Okawaru
Qazlal
Ru
Sif Muna
Trog
Uskayaw
Vehumet
Wu Jian
Xom
Yredelemnul
Zin
The Shining One
Beogh

Shops:
D:2 [   D:6 *   D:10 (


Innate Abilities, Weirdness & Mutations

You cannot be hasted, slowed, berserked, paralysed or teleported.
You can dig through walls and to a lower floor.
You have a pair of large antennae on your head. (SInv)
Your four strong arms can wield two-handed weapons with a shield.


Message History

Things that are here:
a +0 short sword; 3 poisoned darts
There is a stone staircase leading up here.
You climb upwards.
There is a stone staircase leading down here.
No target in view!
No target in view!
You climb downwards.
You block the orc's attack. The centaur warrior zombie hits you.
The centaur warrior zombie kicks you. The two-headed ogre barely misses you.
The two-headed ogre hits you with a +0 dire flail.
You block the orc's attack. The orc wizard casts a spell at you.
The puff of flame hits you but does no damage.
There is a stone staircase leading up here.
The centaur warrior zombie hits you but does no damage.
The centaur warrior zombie closely misses you.
The two-headed ogre hits you with a +0 giant spiked club!
You block the two-headed ogre's attack. The centaur warrior zombie hits you.
You block the centaur warrior zombie's attack.
You climb upwards.
There is a stone staircase leading down here.
You block the orc's attack. The orc hits you with a +0 short sword.
There is an open door here.
You gain the combat prowess of a mighty hero.
You block the orc's attack.
You sock the orc!
You kill the orc!
Okawaru accepts your kill.
The two-headed ogre hits you with a +0 giant spiked club!
The two-headed ogre hits you with a +0 dire flail!
There is an open door, spattered with blood here.
Things that are here:
a +0 short sword; an orc corpse You barely miss the two-headed ogre.
The two-headed ogre hits you with a +0 giant spiked club!!
* * * LOW HITPOINT WARNING * * *
The two-headed ogre hits you with a +0 dire flail!
You die...

########## #.......
#........# #?......
#........# #.......
#........# #.......
#........###>......
#........#.........
#...[รท...).#.......
#....#####.####
##@####### #.# #..#
#.# ##.# #.### #.##
#..)# #..# ###[#
##.# ###'## #.#
#..... #.# #.....
#.# #.....


You could see a two-headed ogre.

Vanquished Creatures
  2 two-headed ogres
  Pikel (D:8)
  A gargoyle (D:10)
  An efreet (D:9)
  2 trolls (D:9)
  A shadow (D:9)
  A vampire (D:9)
  A wraith (D:9)
  3 steam dragons
  3 vampire mosquitoes (D:10)
  Edmund (D:6)
  2 ice beasts
  10 orc warriors
  A sky beast (D:8)
  3 black bears
  A necrophage (D:5)
  2 ogres
  6 centaurs
  7 kobold brigands
  Blork the orc (D:5)
  4 bullfrogs
  2 scorpions
  12 killer bees
  5 howler monkeys
  8 wights
  3 centaur zombies
  2 jellies
  8 orc priests
  A centaur skeleton (D:5)
  A hound (D:5)
  Jessica (D:3)
  4 iguanas
  6 orc wizards
  4 gnolls
  8 adders
  2 shadow imps
  2 white imps
  An ufetubus (D:5)
  An adder zombie (D:5)
  An adder skeleton (D:5)
  A worm (D:2)
  3 dart slugs
  38 orcs
  4 bats
  4 endoplasms
  4 giant cockroaches
  12 goblins
  9 hobgoblins
  6 jackals (D:1)
  5 quokkas
  5 ball pythons
  4 frilled lizards
  22 kobolds
  5 rats
248 creatures vanquished.

Vanquished Creatures (others)
  An orc (D:8)
1 creature vanquished.

Grand Total: 249 creatures vanquished

Notes
Turn   | Place    | Note
-------+----------+-------------------------------------------
     0 | D:1      | wilfster70 the Formicid Fighter began the quest for the
                  | Orb.
     0 | D:1      | Reached XP level 1. HP: 18/18 MP: 1/1
   188 | D:1      | Reached XP level 2. HP: 20/24 MP: 2/2
   360 | D:1      | Reached XP level 3. HP: 25/29 MP: 3/3
   430 | D:1      | Reached skill level 3 in Staves
   928 | D:1      | Found a faded altar of an unknown god.
  1213 | D:2      | Reached XP level 4. HP: 35/35 MP: 4/4
  1266 | D:2      | Identified the +0 kite shield "Naneric" {Slay+3}
  1715 | D:2      | Found Seluut's Armour Shop.
  1719 | D:2      | Bought a +0 pair of boots for 54 gold pieces
  2073 | D:3      | Reached skill level 4 in Staves
  2126 | D:3      | Reached XP level 5. HP: 31/41 MP: 5/5
  2467 | D:3      | Noticed Jessica
  2483 | D:3      | Reached skill level 5 in Shields
  2487 | D:3      | Killed Jessica
  2512 | D:3      | Got Jessica's Papyrus of Dislocation
  2516 | D:3      | Reached skill level 9 in Staves
  2516 | D:3      | Reached XP level 6. HP: 53/53 MP: 6/6
  2517 | D:3      | Reached skill level 12 in Staves
  2517 | D:3      | Reached XP level 7. HP: 59/59 MP: 7/7
  2619 | D:3      | Identified the +7 leather armour of Distant Shores {rN+}
  3149 | D:4      | Reached XP level 8. HP: 65/65 MP: 8/8
  4083 | D:5      | Entered Level 5 of the Dungeon
  4156 | D:5      | Reached skill level 13 in Staves
  4690 | D:5      | Reached XP level 9. HP: 64/71 MP: 9/9
  4951 | D:6      | Noticed Blork the orc
  4967 | D:5      | Killed Blork the orc
  5081 | D:6      | Identified the ring of the Camelopard {rF+ rCorr Str+4}
  5205 | D:2      | Bought a +2 cloak of poison resistance for 222 gold pieces
  5442 | D:6      | Found Limiss's Sacrilege Store.
  5706 | D:6      | Noticed Edmund
  5716 | D:6      | Killed Edmund
  5753 | D:7      | Found a staircase to the Ecumenical Temple.
  5776 | Temple   | Entered the Ecumenical Temple
  5977 | Temple   | Became a worshipper of Warmaster Okawaru
  6190 | D:7      | Reached skill level 14 in Staves
  6194 | D:7      | Reached skill level 1 in Invocations
  6462 | D:7      | Reached XP level 10. HP: 53/77 MP: 9/11
  6618 | D:7      | Found a glowing golden altar of the Shining One.
  7142 | D:8      | Reached * piety under Okawaru
  7171 | D:8      | Noticed a two-headed ogre
  7178 | D:8      | Killed a two-headed ogre
  7178 | D:8      | Reached ** piety under Okawaru
  7420 | D:8      | Noticed Pikel
  7438 | D:8      | Killed Pikel
  7568 | D:8      | Reached skill level 5 in Invocations
  7867 | D:9      | Reached *** piety under Okawaru
  7956 | D:9      | Found a flagged portal.
  8050 | D:10     | Entered Level 10 of the Dungeon
  8052 | D:10     | Found Piwut's Weapon Shop.
  8103 | D:10     | Reached XP level 11. HP: 51/83 MP: 15/15
  8167 | D:9      | Found a staircase to the Orcish Mines.
  8224 | Bailey   | Entered a bailey
  8265 | Bailey   | Reached skill level 10 in Shields
  8380 | Bailey   | Found an iron altar of Okawaru.
  8400 | Bailey   | Reached **** piety under Okawaru
  8428 | Bailey   | Upgraded the game from 0.29-a0-11-ga75d3d97ab to
                  | 0.29-a0-22-gbf593b16ee
  8453 | D:9      | Upgraded the game from 0.29-a0-22-gbf593b16ee to
                  | 0.29-a0-23-ga79f92ac9c
  9442 | D:10     | Noticed a two-headed ogre
  9820 | D:9      | Killed a two-headed ogre
  9958 | D:10     | Noticed a two-headed ogre
  9984 | D:9      | Slain by a two-headed ogre

Illustrated notes

Levels and vault maps discovered:
D:1:      lightli_arrival_statue_moat, layout_basic,
          dilly_ecumenical_altar_fadedgnrine
D:2:      layout_basic, serial_shops, nicolae_shop_behind_doors, hex_tiny
D:3:      layout_basic, kennysheep_jessica_study
D:4:      layout_layer_cave
D:5:      layout_rooms, minmay_fountain_box, minmay_pentangle
D:6:      layout_rooms, serial_shops, shop, nicolae_evil_shop, uniq_edmund,
          uniq_blork_the_orc
D:7:      layout_loops_cross, nicolae_overflow_crystal_walls,
          minmay_temple_entry_waves
D:8:      layout_rooms, chequers_arboretum, grunt_ministairs_8, uniq_pikel
D:9:      layout_roguey, minmay_orc_entry_temple_small, enter_bailey_5
D:10:     wad_guarded_room, layout_rooms, serial_shops, nicolae_shop_stone
Temple:   mainiacjoe_temple_starburst

Skill      XL: |  1  2  3  4  5  6  7  8  9 10 11 |
---------------+----------------------------------+-----
Shields        | 4 8 9 10 | 10.1
Staves         | 3 4 9 12 13 14 | 14.0
Fighting       | 6 9 |  9.2
Armour         | 6 |  6.7
Invocations    | 1 5 7 |  7.7

Action                   |  1- 3 |  4- 6 |  7- 9 | 10-12 || total
-------------------------+-------+-------+-------+-------++-------
Melee: Quarterstaff      |   109 |    85 |   238 |   281 ||   713
       Unarmed           |       |       |       |     1 ||     1
Invok: Heroism           |       |       |       |     4 ||     4
       Finesse           |       |       |       |     1 ||     1
  Use: Scroll            |       |     6 |    13 |     4 ||    23
       Potion            |       |     2 |       |       ||     2
Armor: Scale mail        |    60 |    33 |     1 |       ||    94
       Leather armour    |       |       |    63 |   133 ||   196
Dodge: Dodged            |    52 |    25 |    78 |   129 ||   284
Block: Buckler           |    17 |     6 |       |       ||    23
       Kite shield       |       |    44 |   105 |   172 ||   321

Table legend: (Time is in decaauts)
 A = Elapsed time spent in this place.
 B = Non-inter-level travel time spent in this place.
 C = Inter-level travel time spent in this place.
 D = Time resting spent in this place.
 E = Time spent auto-exploring this place.
 F = Levels seen in this place.
 G = Mean time per level.
                   A        B        C        D        E       F      G
               +--------+--------+--------+--------+--------+-----+--------+
         Total |   9890 |   9376 |    514 |   1756 |   4572 |  12 |  824.2 |
       Dungeon |   9420 |   8961 |    459 |   1743 |   4303 |  10 |  942.0 |
        Temple |    257 |    202 |     55 |      0 |    169 |   1 |  257.0 |
        Bailey |    211 |    211 |      0 |     13 |    100 |   1 |  211.0 |
               +--------+--------+--------+--------+--------+-----+--------+

Top non-repeatable levels by time:
     D:9: 1580 daAuts
     D:1: 1190 daAuts
     D:3: 1165 daAuts
     D:4: 1060 daAuts
     D:7: 1030 daAuts
     D:5: 973 daAuts
     D:2: 875 daAuts
     D:8: 801 daAuts
     D:6: 460 daAuts
    D:10: 282 daAuts
  Temple: 257 daAuts
  Bailey: 211 daAuts
